 Dungeon Crawl Stone Soup version 0.29.1-15-g9cfb28693d (webtiles) character file.

Game seed: 6154299969239268955

1324 ChiefBigBeans the Digger (level 8, -2/48 HPs)
             Began as a Gargoyle Earth Elementalist on Feb 24, 2023.
             Was a Priest of Ru.
             Slain by a boulder beetle (24 damage)
             ... on level 6 of the Dungeon.
             The game lasted 00:24:42 (6485 turns).

ChiefBigBeans the Digger (GrEE)                     Turns: 6485, Time: 00:24:42

Health: -2/48      AC: 15    Str: 18    XL:     8   Next: 60%
Magic:  19/22      EV:  9    Int: 15    God:    Ru [***...]
Gold:   316        SH:  8    Dex:  9    Spells: 10/14 levels left

rFire   . . .      SeeInvis .   n - +8 dagger (spect)
rCold   . . .      Faith    +   t - +0 kite shield
rNeg    + . .      Spirit   .   f - +0 ring mail
rPois   ∞          Reflect  .   o - +2 helmet
rElec   +          Harm     .   l - +0 cloak
rCorr   +          Rampage  .   (no gloves)
Will    .....                   s - +0 pair of boots
Stlth   +.........              v - amulet of faith
HPRegen 0.16/turn               k - ring of magical power
MPRegen 0.18/turn               y - ring of resist corrosion

@: flying
A: sickness immunity, AC +5, negative energy resistance 1, electricity
resistance, torment resistance 1, petrification resistance, inability to use
devices, inability to train armour, strong 1
a: Renounce Religion, Draw Out Power


You were on level 6 of the Dungeon.
You worshipped Ru.
Ru was most pleased with you.
You visited 1 branch of the dungeon, and saw 6 of its levels.
You also visited: Sewer.

You collected 414 gold pieces.
You spent 98 gold pieces at shops.

Inventory:

Hand Weapons
 h - a +2 dagger of flaming
 n - a +8 spectral dagger (weapon)
Missiles
 x - a throwing net
Armour
 f - a +0 ring mail (worn)
 l - a +0 cloak (worn)
 o - a +2 helmet (worn)
 s - a +0 pair of boots (worn)
 t - a +0 kite shield (worn)
Jewellery
 k - a ring of magical power (left hand)
 v - an amulet of faith (around neck)
 y - a ring of resist corrosion (right hand)
Scrolls
 a - 3 scrolls of teleportation
 d - 2 scrolls of amnesia
 i - a scroll of silence {unknown}
 m - a scroll of blinking
 q - a scroll of noise {unknown}
 r - a scroll of magic mapping
 w - 2 scrolls of identify
 z - a scroll of enchant weapon
Potions
 b - 5 potions of magic
 c - 2 potions of attraction {unknown}
 e - 5 potions of haste
 g - 2 potions of flight
 j - a potion of lignification {unknown}
 p - 2 potions of invisibility {unknown}
 u - 2 potions of curing {unknown}
 A - 2 potions of resistance {unknown}


   Skills:
 + Level 4.6 Fighting
 + Level 3.7 Short Blades
 - Level 1.5 Dodging
 - Level 2.1 Stealth
 - Level 4.1 Shields
 - Level 3.9 Spellcasting
 * Level 2.9 Transmutations
 + Level 6.6 Earth Magic


You had 10 spell levels left.
You knew the following spells:

 Your Spells              Type           Power      Damage    Failure   Level
a - Sandblast             Erth           44%        2d11      6%          1
b - Stone Arrow           Conj/Erth      24%        3d8       58%         3

Your spell library contained the following spells:

 Spells                   Type           Power      Damage    Failure   Level
 Passwall                 Tmut/Erth      14%        N/A       21%         2
 Slow                     Hex            8%         N/A       69%         1
 Petrify                  Tmut/Erth      17%        N/A       80%         4
 Blink                    Tloc           4%         N/A       83%         2
 Confusing Touch          Hex            2%         N/A       96%         3
 Lesser Beckoning         Tloc           2%         N/A       96%         3
 Vampiric Draining        Necr           2%         2d6       96%         3
 Manifold Assault         Tloc           2%         N/A       100%        5


Dungeon Overview and Level Annotations

Branches:
Dungeon (6/15)              Sewer (visited)
 Temple: D:4-7

Altars:
Ashenzari
Cheibriados
Dithmenos
Elyvilon
Nemelex Xobeh
Okawaru
Qazlal
Ru

Shops:
D:2 ([


Innate Abilities, Weirdness & Mutations

You are immune to sickness and miasma.
Your stone body is resilient. (AC +5)
You are immune to poison.
You resist negative energy. (rN+)
You are resistant to electric shocks. (rElec)
You are resistant to unholy torment.
You are immune to petrification.
You cannot study or use magical devices.
You cannot train Armour skill.
Your muscles are strong. (Str +4, Int/Dex -1)


Message History

Your +8 spectral dagger hits the boulder beetle but does no damage.
The boulder beetle bites you but does no damage.
Your unstable footing causes you to fumble your attack.
You block the boulder beetle's attack.
You hit the boulder beetle but do no damage.
The boulder beetle is lightly wounded.
Your +8 spectral dagger hits the boulder beetle but does no damage.
The orc misses your +8 spectral dagger.
The boulder beetle bites you.
It was a potion of flight.
You feel very buoyant.
You fly up into the air.
The boulder beetle is stunned by your conviction and fails to attack.
You puncture the boulder beetle!
The boulder beetle is lightly wounded.
Your +8 spectral dagger hits the boulder beetle.
The boulder beetle waves its antennae.
The boulder beetle begins to attack, but is stunned by your conviction!
You block the orc's attack.
You hit the boulder beetle but do no damage.
The boulder beetle is lightly wounded.
Your +8 spectral dagger completely misses the boulder beetle.
The boulder beetle bites you but does no damage.
The orc is stunned by your conviction and fails to attack.
You hit the boulder beetle but do no damage.
The boulder beetle is lightly wounded.
Your +8 spectral dagger hits the boulder beetle.
The boulder beetle bites you but does no damage.
The orc splashes around in the water.
You hit the boulder beetle but do no damage.
The boulder beetle is moderately wounded.
Your +8 spectral dagger hits the boulder beetle!
You redirect the boulder beetle's attack!
The boulder beetle bites you but does no damage.
You block the orc's attack.
You hit the boulder beetle but do no damage.
The boulder beetle is moderately wounded.
Your +8 spectral dagger hits the boulder beetle but does no damage.
The boulder beetle bites you!!
Ouch! That really hurt!
You die...

## #.... #...#
.######>..#
..........####
#............#
#.#######..# #..#
###.#~~~~~#..# #...
...g#~~.@B(..# #..#
...n#~~~~o#..# #..#
..#.#######..# #..#
..........g..# #..#
..##........[####..#####
. #...................##
#...............#.#...
#.........#######.####
...[....# #.#


You could see a boulder beetle, a necrophage, a gnoll bouda, a gnoll, an orc and
a friendly +8 spectral dagger (summoned).

Vanquished Creatures
  Pikel (D:4)
  A black bear (D:6)
  A sky beast (D:4)
  2 bullfrogs
  A hound (D:6)
  4 jellies (Sewer)
  An orc priest (D:4)
  A gnoll bouda (D:6)
  4 iguanas
  Robin (D:2)
  8 gnolls
  4 adders
  An ufetubus (D:4)
  A worm (D:3)
  A dart slug (D:1)
  12 orcs
  4 bats
  10 endoplasms
  6 giant cockroaches
  18 goblins
  5 hobgoblins
  6 jackals
  4 quokkas
  10 ball pythons
  4 frilled lizards
  3 kobolds
  8 rats
122 creatures vanquished.

Notes
Turn   | Place    | Note
-------+----------+-------------------------------------------
     0 | D:1      | ChiefBigBeans the Gargoyle Earth Elementalist began the
                  | quest for the Orb.
     0 | D:1      | Reached XP level 1. HP: 10/10 MP: 3/3
   204 | D:1      | Reached XP level 2. HP: 16/16 MP: 3/5
   248 | D:1      | Reached skill level 1 in Fighting
   251 | D:1      | Reached skill level 4 in Earth Magic
   590 | D:1      | Found a faded altar of an unknown god.
   902 | D:2      | Found Jaiboerch's Armour Shoppe.
   915 | D:2      | Found Hasute's Weapon Emporium.
   939 | D:2      | Reached XP level 3. HP: 20/20 MP: 4/6
  1186 | D:2      | Noticed Robin
  1191 | D:2      | You fall into a shaft and drop 2 floors!
  1512 | D:3      | Found a sacrificial altar of Ru.
  1514 | D:3      | Found a stormy altar of Qazlal.
  1515 | D:3      | Found a white marble altar of Elyvilon.
  1554 | D:3      | Became a worshipper of Ru the Awakened
  1679 | D:2      | Reached skill level 1 in Short Blades
  1845 | D:2      | Reached XP level 4. HP: 26/26 MP: 4/7
  1910 | D:2      | Killed Robin
  2445 | D:2      | Bought a +0 pair of boots for 49 gold pieces
  2445 | D:2      | Bought a +0 kite shield for 49 gold pieces
  2463 | D:2      | Gained mutation: Your muscles are strong. (Str +4, Int/Dex
                  | -1) [potion of mutation]
  2692 | D:3      | Found a broken altar of Ashenzari.
  2993 | D:3      | Gained mutation: You cannot study or use magical devices.
                  | [Ru sacrifice]
  2993 | D:3      | Reached * piety under Ru
  2993 | D:3      | Reached ** piety under Ru
  3348 | D:4      | Found a shadowy altar of Dithmenos.
  3569 | D:4      | Reached XP level 5. HP: 24/30 MP: 9/9
  4068 | D:4      | Noticed a sky beast
  4076 | D:4      | Killed a sky beast
  4077 | D:4      | Reached skill level 1 in Shields
  4077 | D:4      | Reached skill level 5 in Earth Magic
  4077 | D:4      | Reached XP level 6. HP: 36/36 MP: 10/10
  4320 | D:4      | Noticed Pikel
  4335 | D:4      | Killed Pikel
  4336 | D:4      | Reached XP level 7. HP: 28/42 MP: 12/12
  4340 | D:4      | Learned a level 3 spell: Stone Arrow
  4701 | D:5      | Entered Level 5 of the Dungeon
  4724 | D:5      | Found an iron altar of Okawaru.
  4759 | D:5      | Found a snail-covered altar of Cheibriados.
  4819 | D:5      | Found a sparkling altar of Nemelex Xobeh.
  4899 | D:5      | Reached skill level 1 in Transmutations
  5169 | D:5      | Reached XP level 8. HP: 44/48 MP: 13/13
  5682 | D:5      | Reached skill level 6 in Earth Magic
  6082 | D:6      | Found a glowing drain.
  6154 | D:6      | Noticed a boulder beetle
  6157 | Sewer    | Entered a sewer
  6271 | Sewer    | Gained mutation: You cannot train Armour skill. [Ru
                  | sacrifice]
  6271 | Sewer    | Reached *** piety under Ru
  6341 | Sewer    | Found a viscous altar of Jiyva.
  6485 | D:6      | Slain by a boulder beetle

Illustrated notes

Levels and vault maps discovered:
D:1:      roderic_chinese_lattice_arrival, layout_loops_ring,
          shapermc_ecumenical_altar_starsandcircs, minmay_cupped
D:2:      layout_loops_ring, serial_shops, nicolae_shop_hallway_stairs, shop,
          uniq_robin
D:3:      layout_basic, nicolae_ashenzari_panopticon,
          grunt_temple_overflow_open, minmay_crystal_water
D:4:      layout_layer_cave, amcnicky_altar_gilded, minmay_small_thing,
          uniq_pikel
D:5:      layout_gridville, general_overflow_altar, old_standard_altar,
          cheibriados_altar_1, chequers_garden
D:6:      layout_loops_ring, temple_fountains, gup_sewer_entry_glass,
          grunt_ministairs_7, kennysheep_generic_room_14, uniq_blork_the_orc

Skill      XL: |  1  2  3  4  5  6  7  8 |
---------------+-------------------------+-----
Fighting       | 1 2 3 4 |  4.6
Earth Magic    | 4 5 6 |  6.6
Short Blades   | 1 2 3 |  3.7
Shields        | 1 4 |  4.1
Spellcasting   | 3 |  3.9
Transmutations | 1 2 |  2.9
Dodging        | |  1.5
Stealth        | |  2.1

Action                   |  1- 3 |  4- 6 |  7- 9 || total
-------------------------+-------+-------+-------++-------
Melee: Dagger            |     5 |    69 |    40 ||   114
       Punch             |       |     1 |       ||     1
 Cast: Sandblast         |    57 |    33 |    73 ||   163
Invok: Sacrifice Artific |       |     1 |       ||     1
       Sacrifice Durabil |       |       |     1 ||     1
  Use: Scroll            |     3 |     7 |       ||    10
       Potion            |       |     5 |     1 ||     6
Armor: Robe              |     1 |       |       ||     1
       Leather armour    |     7 |       |       ||     7
       Ring mail         |     1 |    49 |    46 ||    96
Dodge: Dodged            |    20 |    29 |    33 ||    82
Block: Kite shield       |       |    12 |    44 ||    56
